 Dungeon Crawl Stone Soup version 0.14.0-15-g6b16f67 (webtiles) character file.

1858 Qrupt the Insei (level 8, 0/48 HPs)
             Began as an Octopode Transmuter on Apr 17, 2014.
             Was a Follower of Makhleb.
             Slain by a killer bee (9 damage)
             ... on Level 7 of the Dungeon.
             The game lasted 00:26:58 (9176 turns).

Qrupt the Insei (Octopode Transmuter)               Turns: 9176, Time: 00:26:59

HP   0/48        AC  1     Str 13      XL: 8   Next: 91%
MP  17/18        EV 11     Int 13      God: Makhleb [*.....]
Gold 279         SH  6     Dex 14      Spells:  2 memorised, 12 levels left

rFire  . . .     SeeInvis .       - Unarmed
rCold  . . .     Clarity  .     x - -1 buckler of Gluttony {rPois Str+1}
rNeg   . . .     Conserve .     (helmet restricted)
rPois  +         rCorr    .     k - amulet of stasis
rElec  .         rRot     .     o - cursed -2 ring of intelligence
SustAb . .       Spirit   .     p - +2 ring of strength
rMut   .         Warding  .     (no ring)
Saprov . . .     Stasis   +     (no ring)
MR     .....                    (no ring)
                                (no ring)
                                (no ring)
                                (no ring)

@: appendage, not resistant to hostile enchantments, fairly stealthy
A: almost no armour, amphibious, 8 rings, constrict 8, tentacle spike 3,
camouflage 1, gelatinous body 1
a: End Transformation, Renounce Religion


You were on level 7 of the Dungeon.
You worshipped Makhleb.
Makhleb was aware of your devotion.
You were very hungry.
One of your tentacles had a temporary spike.
You visited 2 branches of the dungeon, and saw 8 of its levels.

You collected 279 gold pieces.

Inventory:

Hand weapons
 q - a cursed +0 blowgun
 A - a +0 blowgun
Missiles
 b - 12 arrows
 r - 24 poisoned needles
Armour
 x - the cursed -1 buckler of Gluttony (worn) {rPois Str+1}
   (You found it on level 4 of the Dungeon)

   It affects your strength (+1).
   It protects you from poison.
   It has a curse placed upon it.
Magical devices
 h - a wand of frost (0)
 K - a wand of slowing (1) {unknown}
Comestibles
 a - 2 bread rations
 B - 2 meat rations
 G - a pear
Scrolls
 f - 7 scrolls of identify
 j - a scroll of enchant weapon I {unknown}
 m - 2 scrolls of teleportation
 s - 2 scrolls of noise {unknown}
 t - 3 scrolls of remove curse {unknown}
 u - a scroll of amnesia {unknown}
 v - 2 scrolls of enchant weapon II {unknown}
 y - a scroll of magic mapping {unknown}
 F - a scroll of fog {unknown}
 I - a scroll of immolation {unknown}
Jewellery
 k - an amulet of stasis (around mantle)
 o - a cursed -2 ring of intelligence (left tentacle)
 p - a +2 ring of strength (right tentacle)
 J - a cursed ring of hunger {unknown}
Potions
 c - 3 potions of restore abilities
 e - a potion of might
 g - a potion of flight {unknown}
 i - 5 potions of curing
 l - a potion of agility {unknown}
 n - a potion of mutation {unknown}
 w - 2 potions of haste {unknown}
 z - 2 potions of brilliance {unknown}
 C - a potion of confusion {unknown}
 E - a potion of lignification {unknown}
 H - a potion of berserk rage {unknown}
Books
 d - a book of Changes

   Spells                             Type                      Level
   *Beastly Appendage                 Transmutation                1
   Sticks to Snakes                   Transmutation                2
   *Spider Form                       Transmutation/Poison         3
   Ice Form                           Ice/Transmutation            4
   Blade Hands                        Transmutation                5
 D - a book of Spatial Translocations

   Spells                             Type                      Level
   Apportation                        Translocation                1
   Blink                              Translocation                2
   Shroud of Golubria                 Charms/Translocation         2
   Portal Projectile                  Translocation                3
   Teleport Other                     Translocation                3
   Passage of Golubria                Translocation                4


   Skills:
 - Level 1.0 Fighting
 - Level 2.0 Dodging
 + Level 6.8 Unarmed Combat
 + Level 4.6 Spellcasting
 - Level 6.0 Transmutations
 - Level 6.0 Poison Magic


You had 12 spell levels left.
You knew the following spells:

 Your Spells              Type           Power        Failure   Level  Hunger
a - Beastly Appendage     Trmt           ###...       1%          1    None
b - Spider Form           Trmt/Pois      ###.......   8%          3    ###....


Dungeon Overview and Level Annotations

Branches:
Dungeon (7/15)             Temple (1/1) D:5

Altars:
Cheibriados
Dithmenos
Elyvilon
Fedhas
Kikubaaqudgha
Makhleb
Nemelex Xobeh
Okawaru
Sif Muna
Trog
Vehumet
Yredelemnul
Zin
The Shining One

Annotations:
D:2 Sigmund


Innate Abilities, Weirdness & Mutations

You cannot wear most types of armour.
You are amphibious.
You can wear up to eight rings at the same time.*
You can use your tentacles to constrict many enemies at once.*
Your skin changes colour to match your surroundings (Stlth).*
Your rubbery body absorbs attacks (AC +1).*
One of your tentacles bears a large vicious spike.*


Message History

Your tentacle spike disappears.
You start resting.
You feel sick.
You are no longer poisoned.
You start resting.
A killer bee comes into view.
The killer bee buzzes angrily.
Found a stone staircase leading up.
Casting: Beastly Appendage
Confirm with . or Enter, or press ? or * to list all spells.
One of your tentacles grows a vicious spike.
The killer bee stings you. x2
* * * LOW HITPOINT WARNING * * *
You are too injured to fight recklessly!
You are too injured to fight recklessly!
You hit the killer bee. Your grab misses the killer bee.
Your squeeze misses the killer bee.
The killer bee is moderately wounded.
The killer bee misses you. The killer bee stings you!
You die...

#.##. ...#..####
##....<..# #....#>.
...##.# #.. #.#..#
#.#.#####..#.##
#.#.#......k..#
#####.....###.##@##
#...#.....###.##.#
..#.....#.....##.#
.###..k###.#####.#
..#..#..#...##....
###### ####
#...###...#.##.###
#.##.# ##... ##.##
#..##.##.# #.##.#
#....
#...###....#...#
#....# #....
..#..#..#...##.#
#.##.# #..#(


You could see a killer bee.

Vanquished Creatures
  Menkaure (D:5)
  A black bear (D:6)
  Purgy (D:4)
  An ice beast (D:7)
  A sky beast (D:6)
  A centaur (D:5)
  A giant frog (D:6)
  2 scorpions (D:5)
  6 killer bees (D:7)
  2 crimson imps
  An orc priest (D:5)
  A giant frog skeleton (D:4)
  A hound (D:7)
  2 orc wizards
  A black bear skeleton (D:5)
  2 iguanas
  A worker ant (D:7)
  Ijyb (D:2)
  A hound skeleton (D:5)
  6 adders
  8 gnolls
  A giant mite (D:3)
  An inept feature mimic (D:3)
  An inept item mimic (D:7)
  5 worms
  5 giant geckos
  9 orcs
  A ball python (D:6)
  13 bats
  3 giant cockroaches
  6 goblins
  11 hobgoblins
  5 jackals
  16 kobolds
  2 quokkas (D:4)
  4 giant newts
  10 rats
135 creatures vanquished.

Notes
Turn   | Place    | Note
--------------------------------------------------------------
     0 | D:1      | Qrupt, the Octopode Transmuter, began the quest for the Orb.
     0 | D:1      | Reached XP level 1. HP: 13/13 MP: 3/3
   268 | D:1      | Reached XP level 2. HP: 18/18 MP: 4/4
   561 | D:1      | Reached skill level 4 in Unarmed Combat
   722 | D:2      | Reached XP level 3. HP: 8/23 MP: 4/6
  1574 | D:2      | Reached XP level 4. HP: 28/28 MP: 5/7
  1590 | D:2      | Noticed Sigmund
  1646 | D:2      | Noticed Ijyb
  1659 | D:2      | Killed Ijyb
  1659 | D:2      | Reached skill level 5 in Unarmed Combat
  2595 | D:2      | Learned a level 3 spell: Spider Form
  2603 | D:3      | Reached XP level 5. HP: 12/33 MP: 6/9
  4329 | D:4      | Reached XP level 6. HP: 27/38 MP: 7/10
  4959 | D:4      | Reached skill level 5 in Transmutations
  4981 | D:4      | Got a heavily runed buckler
  4985 | D:4      | Identified the cursed -1 buckler of Gluttony {rPois Str+1} (You found it on level 4 of the Dungeon)
  5411 | D:4      | Noticed Purgy
  5420 | D:4      | Killed Purgy
  5420 | D:4      | Reached skill level 6 in Transmutations
  5420 | D:4      | Reached XP level 7. HP: 33/43 MP: 6/12
  5705 | D:5      | Entered Level 5 of the Dungeon
  5849 | D:5      | Reached skill level 1 in Poison Magic
  6409 | D:5      | Found a staircase to the Ecumenical Temple.
  6424 | Temple   | Entered the Ecumenical Temple
  6485 | Temple   | Became a worshipper of Makhleb the Destroyer
  6504 | D:5      | Noticed Menkaure
  6562 | D:5      | Killed Menkaure
  6739 | D:5      | Reached skill level 5 in Poison Magic
  7086 | D:5      | Reached XP level 8. HP: 36/48 MP: 7/13
  7405 | D:5      | Found a glowing silver altar of Zin.
  8470 | D:7      | Acquired Makhleb's first power
  9176 | D:7      | Slain by a killer bee

Action                   |  1- 3 |  4- 6 |  7- 9 || total
-------------------------+-------+-------+-------++-------
Melee: Unarmed           |    77 |   158 |   161 ||   396
 Cast: Beastly Appendage |    10 |    25 |    23 ||    58
       Spider Form       |       |     1 |     9 ||    10
  Use: Potion            |     1 |     1 |     1 ||     3
       Scroll            |     1 |       |     4 ||     5
 Stab: Sleeping          |     1 |     4 |     2 ||     7
       Distracted        |       |     1 |       ||     1
